 Dungeon Crawl Stone Soup version 0.17.2-1-ge4368a0 (webtiles) character file.

37 Goblin1989 the Chopper (level 3, -3/29 HPs)
             Began as a Demonspawn Abyssal Knight on Oct 30, 2016.
             Was a Believer of Lugonu.
             Slain by a gnoll
             ... wielding a +3 flail
              (11 damage)
             ... on level 2 of the Dungeon.
             The game lasted 00:03:54 (1154 turns).

Goblin1989 the Chopper (Demonspawn Abyssal Knight)  Turns: 1154, Time: 00:03:55

Health: -3/29      AC:  7    Str: 13    XL:     3   Next: 21%
Magic:  4/4        EV: 10    Int: 13    God:    Lugonu [**....]
Gold:   26         SH:  0    Dex: 12    Spells: 0 memorised, 2 levels left

rFire  . . .     SeeInvis .     a - +1 hand axe
rCold  . . .     Clarity  .     k - +0 ring mail (curse)
rNeg   . . .     SustAt   .     (no shield)
rPois  .         Gourm    .     (no helmet)
rElec  .         Spirit   .     (no cloak)
rCorr  .         Warding  .     (no gloves)
rMut   .         Stasis   .     (no boots)
MR     .....                    (no amulet)
Stlth  +.........               (no ring)
                                (no ring)

@: not resistant to hostile enchantments, very unstealthy
A: slimy green scales 1, demonic guardian 1
a: Depart the Abyss, Bend Space, Renounce Religion


You were on level 2 of the Dungeon.
You worshipped Lugonu.
Lugonu was pleased with you.
You were not hungry.

You visited 1 branch of the dungeon, and saw 2 of its levels.
You visited the Abyss 1 time.

You collected 26 gold pieces.

Inventory:

Hand Weapons
 a - a +1 hand axe (weapon)
Armour
 k - a cursed +0 ring mail (worn)
Scrolls
 d - a scroll of teleportation {unknown}
 e - a scroll of identify {unknown}
 i - 3 scrolls of recharging {unknown}
 m - a scroll of immolation {unknown}
Potions
 b - a potion of resistance {unknown}
 g - 2 potions of heal wounds {unknown}
 j - a potion of degeneration {unknown}
 l - a potion of curing {unknown}
Comestibles
 c - a bread ration {@e1}
 f - a slice of pizza
 h - a beef jerky


   Skills:
 - Level 3.0 Fighting
 + Level 3.3 Axes
 - Level 1.7 Armour
 - Level 0.8 Dodging
 - Level 2.4 Invocations


You had 2 spell levels left.
You didn't know any spells.

Dungeon Overview and Level Annotations

Branches:
Dungeon (2/15)

Altars:
Nemelex Xobeh


Innate Abilities, Weirdness & Mutations

You are partially covered in slimy green scales (AC +2).
A weak demonic guardian rushes to your aid.


Message History

You struggle against the net.
You try to slip out of the net.
The gnoll hits you with an enchanted flail.
You take 4 damage, and have 25/29 hp.
You slice into the net. The gnoll hits you but does no damage.
You cut the net and break free!
The gnoll hits you with an enchanted flail!
You take 7 damage, and have 18/29 hp.
MASSIVE DAMAGE!!
You hit the gnoll.
The gnoll is lightly wounded.
The gnoll closely misses you.
You hit the gnoll.
The gnoll is heavily wounded.
The gnoll hits you with an enchanted flail!
* * * LOW HITPOINT WARNING * * *
You take 11 damage, and have 8/29 hp.
MASSIVE DAMAGE!!
You hit the gnoll.
The gnoll is almost dead.
The gnoll hits you with an enchanted flail!
You die...

.███.█.██
.......†████.█..
█.█..█..†.....█
█.█....████.███
██.........█.█
█..........█.█
█.██.█.███.█.█ █
█.█.█ █.█g█
█...█ █.█@████.█
█..██ █........█
█ █..█
█.█.██████
█.██.<████.█.█
█..........█..
████...........
██.██████..█.
█...█ █..█.█
█†........█ █


You could see a gnoll.

Vanquished Creatures
  A giant gecko (D:2)
  8 bats
  2 giant cockroaches (D:1)
  6 hobgoblins (D:1)
  2 jackals (D:1)
  A ball python (D:1)
  4 goblins
  4 kobolds
  4 rats
32 creatures vanquished.

Notes
Turn   | Place    | Note
--------------------------------------------------------------
     0 | Abyss:1  | Goblin1989 the Demonspawn Abyssal Knight began the quest for the Orb.
     0 | Abyss:1  | Reached XP level 1. HP: 18/18 MP: 2/2
    27 | D:1      | Escaped the Abyss
   417 | D:1      | Gained mutation: A weak demonic guardian rushes to your aid. [demonic ancestry]
   417 | D:1      | Reached XP level 2. HP: 24/24 MP: 3/3
   558 | D:1      | Reached ** piety under Lugonu
   852 | D:1      | Gained mutation: You are partially covered in slimy green scales (AC +2). [demonic ancestry]
   852 | D:1      | Reached XP level 3. HP: 29/29 MP: 4/4
   896 | D:1      | Found a sparkling altar of Nemelex Xobeh.
  1154 | D:2      | Slain by a gnoll

Action                   || total
-------------------------++-------
Melee: Hand axe          ||    98
  Eat: Chunk             ||     1

Vault maps used:
D:1:      dpeg_arrival_short_road, nemelex_xobeh_ov_fountains_minmay
D:2:      evilmike_ruin_ashenzari, nicolae_dithmenos_shadow_blocks
Abyss:1:  minivault_23
